AoeStats
← Mika

Black Forest

504884871Analyzed
1v1 RM · 26d ago on Sep 6, 2026· 49m 7s· 2 players
Game mode
Random Map
Map size
Tiny (2 player)
Population
200
Speed
Normal
Resources
Standard
Victory
Conquest
Starting age
Dark Age
Ending age
Imperial Age
RankedLock teamsTeams togetherTeam positionsShared explorationLock speedFull tech treeHidden civsTurbo modeCheats
Victory
Defeat
🇺🇸 Mapuche · United States
928
+17
🇦🇷 Huns · Argentina
942
-17
jmats69420
0:46 Loom
11:22 Feudal Age
16:06 Castle Age
14:43 Double-Bit Axe
17:52 Wheelbarrow
17:44 Bow Saw
18:21 Horse Collar
23:43 Heavy Plow
25:07 Hand Cart
25:45 Gold Mining
26:24 Fletching
27:03 Padded Archer Armor
26:56 Pikeman
30:49 Imperial Age
28:31 Town Watch
29:06 Bodkin Arrow
31:12 Town Patrol
31:57 Ballistics
31:44 Elite Bolas Rider
33:34 Gold Shaft Mining
33:55 Leather Archer Armor
34:47 Chemistry
34:31 Conscription
36:02 Crop Rotation
34:57 Halberdier
35:23 Arson
37:07 Scale Mail Armor
37:38 Ring Archer Armor
38:46 Chain Mail Armor
38:19 Arrowslits
39:07 Forging
39:22 Bombard Tower
38:38 Capped Ram
41:37 Plate Mail Armor
41:42 Iron Casting
44:03 Butalmapu
44:00 Malon
43:20 Elite Kona
46:10 Champi Runner
46:56 Onager
49:34 Blast Furnace
48:08 Champi Warrior
Mika
5:05 Loom
13:13 Feudal Age
17:43 Castle Age
17:19 Double-Bit Axe
17:46 Bloodlines
18:53 Husbandry
20:07 Bow Saw
21:10 Stone Mining
21:15 Gold Mining
22:27 Horse Collar
28:28 Gold Shaft Mining
28:10 Fletching
29:40 Bodkin Arrow
29:54 Pikeman
30:37 Squires
30:45 Heavy Plow
32:05 Wheelbarrow
32:22 Marauders
32:49 Scale Barding Armor
32:55 Forging
36:25 Imperial Age
34:12 Hand Cart
33:43 Town Watch
34:12 Elite Skirmisher
36:38 Padded Archer Armor
37:00 Ballistics
37:11 Bracer
37:42 Conscription
38:05 Town Patrol
39:09 Two-Man Saw
37:42 Cavalier
38:42 Leather Archer Armor
38:35 Thumb Ring
40:32 Chemistry
41:21 Chain Barding Armor
41:37 Iron Casting
42:18 Atheism
41:19 Elite Tarkan
43:07 Plate Barding Armor
45:26 Blast Furnace
44:12 Light Cavalry
46:17 Hussar
48:06 Capped Ram
48:29 Halberdier
Connection lost

Rejoining the realm…

Still unreachable

The connection could not be restored.

Session expired

The server has moved on; the page needs a fresh start.